 Dungeon Crawl Stone Soup version 0.31-a0-435-g2c6fae2916 (webtiles) character file.

Game seed: 6778315630935386290

484 MacCMillion the Ruffian (level 6, -8/53 HPs)
             Began as a Draconian Shapeshifter on Aug 1, 2023.
             Killed from afar by Dowan (12 damage)
             ... with a stone arrow
             ... on level 4 of the Dungeon.
             The game lasted 00:05:39 (3740 turns).

MacCMillion the Ruffian (Draconian Shapeshifter)    Turns: 3740, Time: 00:05:39

Health: -8/53      AC:  6    Str: 19    XL:     6   Next: 88%
Magic:  6/6        EV: 12    Int:  9    God:
Gold:   264        SH:  0    Dex: 11    Spells: 5/5 levels left

rFire   . .          .
                       - Unarmed
rCold   . . .        (no shield)
rNeg    . . .        (body armour unavailable)
rPois   .            (helmet currently unavailable)
rElec   .            (cloak currently unavailable)
rCorr   .            (gloves currently unavailable)
SInv    .            (boots currently unavailable)
Will    .....        (no amulet)
Stlth   +            (no ring)
HPRegen 0.28/turn    (no ring)
MPRegen 0.10/turn

%: no passive effects
@: beast-form
A: beast (slay +2), AC +6, unfitting armour, cold-blooded
a: Begin Untransformation


You were on level 4 of the Dungeon.
You were a hulking beast.
You visited 1 branch of the dungeon, and saw 4 of its levels.

You collected 264 gold pieces.

Inventory:

Armour
 h - a +0 cloak
Jewellery
 n - a ring of flight
Talismans
 b - a beast talisman (active)
Wands
 g - a wand of flame (32)
Scrolls
 c - a scroll of enchant armour {unknown}
 e - 2 scrolls of revelation {unknown}
 f - a scroll of fear {unknown}
 i - 2 scrolls of teleportation {unknown}
 j - 2 scrolls of identify {unknown}
 r - a scroll of blinking {unknown}
 t - a scroll of enchant weapon {unknown}
Potions
 d - 2 potions of mutation {unknown}
 k - a potion of magic {unknown}
 l - 2 potions of brilliance {unknown}
 m - a potion of invisibility {unknown}
 o - 2 potions of haste {unknown}
 p - a potion of cancellation {unknown}
 q - a potion of degeneration {unknown}
 s - a potion of berserk rage {unknown}
 u - a potion of curing {unknown}


   Skills:
 + Level 4.5 Fighting
 - Level 1.7 Dodging
 * Level 6.6 Unarmed Combat
 - Level 3.0 Shapeshifting


You had 5 spell levels left.
You didn't know any spells.
Your spell library contained the following spells:

 Spells                   Type           Power      Damage    Failure   Level
 Sandblast                Erth           0%         2d4       38%         1
 Blink                    Tloc           0%         N/A       52%         2
 Passwall                 Tmut/Erth      0%         N/A       52%         2
 Stone Arrow              Conj/Erth      0%         3d7       77%         3
 Manifold Assault         Tloc           0%         N/A       99%         4


Dungeon Overview and Level Annotations

Branches:
Dungeon (4/15)
 Temple: D:4-7

Altars:

Annotations:
D:4 Dowan


Innate Abilities, Weirdness & Mutations

You are a hulking beast.
Your limbs bulge with bestial killing power. (Slay +2)
Your plain brown scales are hard. (AC +6)
You cannot fit into any form of body armour.
You are cold-blooded and may be slowed by cold attacks.


Message History

You hear a distant wail of despair.
You cannot move.
You start resting.
A hound is nearby!
A hound is nearby!
A hound is nearby!
Unknown command.
Your transformation is almost over.
You start resting.
A hound is nearby!
A hound is nearby!
A hound is nearby!
The hound barks!
Dowan shouts!
You hit the hound.
The hound is lightly wounded.
Dowan seems to find hidden reserves of power!
Dowan says, "Her death will not be in vain!"
The hound bites you but does no damage.
You closely miss the hound.
The hound is lightly wounded.
You feel less wooden.
You turn into a hulking beast.
The hound bites you. x2
You closely miss the hound.
Your tail-slap misses the hound.
The hound is lightly wounded.
The hound bites you.
You punch the hound!
The hound is heavily wounded.
The hound bites you.
You closely miss the hound. You tail-slap the hound.
The hound is severely wounded.
The hound bites you but does no damage. The hound barely misses you.
You punch the hound!
You kill the hound!
Dowan gestures at you while chanting. The stone arrow hits you!
* * * LOW HITPOINT WARNING * * *
Dowan casts a spell at you. The stone arrow hits you!
You die...

#.####.......## #.....
#.##...##....###### #.....
#...†.............# #.....
####...#######.##.# #..... #...#
#.##.### ##..#.. #...# #.##...#
##..#### #...# #.####.####..##
#...# #.##.........# #####
#h##.........# #.##.........#
#)##.........#####
#e##.......>.....#
################.##.........###.#
.......##..........########## #.#
.......##..........# #.#
.......##..........############.#
.......##.....................#.#


You could see Dowan (fast).

Vanquished Creatures
  Duvessa (D:4)
  An ogre (D:4)
  A hound (D:4)
  An orc priest (D:3)
  A jelly (D:4)
  Robin (D:2)
  3 adders
  6 gnolls
  3 worms
  3 dart slugs
  7 orcs
  6 ball pythons
  3 bats
  5 endoplasms
  2 giant cockroaches
  10 goblins
  11 hobgoblins
  2 jackals (D:1)
  8 quokkas
  A frilled lizard (D:1)
  10 kobolds
  3 rats
89 creatures vanquished.

Notes
Turn   | Place    | Note
-------+----------+-------------------------------------------
     0 | D:1      | MacCMillion the Draconian Shapeshifter began the quest for
                  | the Orb.
     0 | D:1      | Reached XP level 1. HP: 16/16 MP: 1/1
   245 | D:1      | Reached XP level 2. HP: 23/23 MP: 2/2
   843 | D:2      | Reached XP level 3. HP: 29/29 MP: 3/3
   851 | D:2      | Noticed Robin
   859 | D:2      | Reached skill level 4 in Unarmed Combat
  1019 | D:1      | Reached XP level 4. HP: 15/37 MP: 4/4
  1215 | D:2      | Killed Robin
  2316 | D:2      | Found a faded altar of an unknown god.
  2351 | D:3      | Reached skill level 5 in Unarmed Combat
  2351 | D:3      | Reached XP level 5. HP: 35/45 MP: 5/5
  2683 | D:3      | Identified the +0 robe "Zetsomen" {Str+4 Stlth+}
  3074 | D:4      | Noticed Dowan
  3257 | D:4      | Noticed an ogre
  3269 | D:4      | Killed an ogre
  3270 | D:4      | Reached skill level 6 in Unarmed Combat
  3270 | D:4      | Reached XP level 6. HP: 52/52 MP: 6/6
  3680 | D:4      | Noticed Duvessa
  3713 | D:4      | Killed Duvessa
  3740 | D:4      | Killed from afar by Dowan

Illustrated notes

Levels and vault maps discovered:
D:1:      lemuel_arrival_hallway, layout_basic
D:2:      layout_basic, dilly_ecumenical_altar_fadedgnrine, uniq_robin
D:3:      layout_rooms, kennysheep_generic_room_15
D:4:      layout_basic, grunt_ministairs_10, uniq_duvessa

Skill      XL: |  1  2  3  4  5 |
---------------+----------------+-----
Fighting       | 2 3 4 |  4.5
Unarmed Combat | 4 5 6 |  6.6
Dodging        | |  1.7
Shapeshifting  | |  3.0

Action                     |  1- 3 |  4- 6 || total
---------------------------+-------+-------++-------
  Melee: Unarmed           |    94 |   139 ||   233
         Tailslap          |     4 |    16 ||    20
         Punch             |     1 |     7 ||     8
  Evoke: Wand              |       |     4 ||     4
    Use: Potion            |       |     1 ||     1
   Stab: Sleeping          |     2 |       ||     2
 Armour: Skin              |    22 |    37 ||    59
  Dodge: Dodged            |    71 |    54 ||   125

Table legend: (Time is in decaauts)
 A = Elapsed time spent in this place.
 B = Non-inter-level travel time spent in this place.
 C = Inter-level travel time spent in this place.
 D = Time resting spent in this place.
 E = Time spent auto-exploring this place.
 F = Levels seen in this place.
 G = Mean time per level.
                   A        B        C        D        E       F      G
               +--------+--------+--------+--------+--------+-----+--------+
         Total |   3723 |   3643 |     80 |    702 |   2147 |   4 |  930.8 |
       Dungeon |   3723 |   3643 |     80 |    702 |   2147 |   4 |  930.8 |
               +--------+--------+--------+--------+--------+-----+--------+

Top non-repeatable levels by time:
     D:2: 1174 daAuts
     D:1: 1157 daAuts
     D:4: 836 daAuts
     D:3: 555 daAuts
